[Event "Titled Tuesday Blitz November 01 Early 2022"]
[White "Agasarov, Benik"]
[Black "Brown, Andrew"]
[WhiteFideId "13314823"]
[BlackFideId "3206513"]
[WhiteElo "2152"]
[BlackElo "2245"]
[Result "1-0"]
[Round "01"]
[TimeControl "180+1"]
[Date "2022.11.02"]
[WhiteClock "0:00:12"]
[BlackClock "0:00:03"]

1. d4 g6 2. c4 Bg7 3. Nc3 d6 4. Nf3 Nd7 5. g3 e5 6. Bg2 Ne7 7. O-O O-O 8. e4 c6 9. b3 f5 10. Ba3 exd4 11. Nxd4 Nc5 12. exf5 Nxf5 13. Nce2 Nxd4 14. Nxd4 Qf6 15. Bb2 a5 16. Rb1 Qf7 17. Qd2 a4 18. b4 a3 19. bxc5 dxc5 20. Nxc6 axb2 21. Na5 Rxa5 22. Qxa5 Qxc4 23. Qd2 Qd4 24. Rfd1 Bf5 25. Qxd4 Bxd4 26. Rxd4 Bxb1 27. Rd2 Re8 28. Bd5+ Kg7 29. Rxb2 Re1+ 30. Kg2 Kh6 31. Rxb7 Rc1 32. Rc7 Bd3 33. Bg8 Kg5 34. h4+ Kf6 35. Rf7+ Ke5 36. Rxh7 c4 37. Re7+ Kd4 38. Rd7+ Kc3 39. g4 Kd2 40. Bd5 c3 41. Be4 Ke1 1-0


[Site "https://www.chess.com"]

[Event "Titled Tuesday Blitz November 01 Early 2022"]
[White "Al Hosani, Omran"]
[Black "Grot, Blazej"]
[WhiteFideId "9308733"]
[BlackFideId "21835845"]
[WhiteElo "2167"]
[BlackElo "1739"]
[Result "1-0"]
[Round "01"]
[TimeControl "180+1"]
[Date "2022.11.02"]
[WhiteClock "0:02:07"]
[BlackClock "0:01:32"]

1. d4 Nf6 2. c4 e6 3. Nc3 Bb4 4. a3 Bxc3+ 5. bxc3 c5 6. f3 d6 7. e4 Nbd7 8. Bd3 e5 9. Ne2 O-O 10. O-O Qe7 11. d5 h6 12. Be3 b6 13. Qd2 Ba6 14. Rae1 Rae8 15. Ng3 Bc8 16. Nf5 Qd8 17. Bxh6 Nh5 18. Bg5 Ndf6 19. g4 Bxf5 20. exf5 Nf4 21. Bxf4 exf4 22. Qxf4 Re7 23. g5 Nd7 24. f6 Rxe1 25. Rxe1 gxf6 26. Qf5 Re8 27. Qh7+ Kf8 28. Qh8# 1-0


[Site "https://www.chess.com"]

[Event "Titled Tuesday Blitz November 01 Early 2022"]
[White "Al-Tarboush, Ward"]
[Black "Alahakoon, Isuru"]
[WhiteFideId "7601450"]
[BlackFideId "9900993"]
[WhiteElo "2269"]
[BlackElo "2062"]
[Result "1-0"]
[Round "01"]
[TimeControl "180+1"]
[Date "2022.11.02"]
[WhiteClock "0:00:38"]
[BlackClock "0:00:17"]

1. e4 d5 2. exd5 Nf6 3. Nf3 Qxd5 4. Be2 Nc6 5. O-O Bg4 6. d3 O-O-O 7. Re1 e5 8. Nbd2 Bc5 9. h3 Bh5 10. Ng5 Bg6 11. Bf3 Qd4 12. Qe2 Qd7 13. Nb3 Bb6 14. Be3 h6 15. Ne4 Bxe3 16. Qxe3 Nd5 17. Qd2 f5 18. Nec5 Qd6 19. a3 Rhe8 20. c4 Nde7 21. Qc3 b6 22. Na6 Qxd3 23. Nb4 Qxc3 24. bxc3 e4 25. Be2 Ne5 26. c5 a5 27. Ba6+ Kb8 28. cxb6 cxb6 29. Nc2 Ka7 30. Bb5 Rf8 31. Nbd4 Nd3 32. Bxd3 exd3 33. Rxe7+ Ka6 34. Ne3 f4 35. Nc4 Rc8 36. Ne5 Bf5 37. Nec6 1-0


[Site "https://www.chess.com"]

[Event "Titled Tuesday Blitz November 01 Early 2022"]
[White "Alhadad, Mahmoud"]
[Black "Manelyuk, Daniil"]
[WhiteFideId "11501863"]
[BlackFideId "44173920"]
[WhiteElo "1955"]
[BlackElo "2209"]
[Result "0-1"]
[Round "01"]
[TimeControl "180+1"]
[Date "2022.11.02"]
[WhiteClock "0:00:48"]
[BlackClock "0:00:32"]

1. e4 e6 2. Nc3 d5 3. Nf3 dxe4 4. Nxe4 Be7 5. d4 Nd7 6. Bd3 Ngf6 7. O-O Nxe4 8. Bxe4 Nf6 9. Bd3 O-O 10. c3 c5 11. Be3 Nd5 12. Bd2 cxd4 13. Nxd4 e5 14. Qh5 f5 15. Nxf5 Rxf5 16. Bxf5 Nf6 17. Bxh7+ Nxh7 18. Qxe5 Bf6 19. Qe2 Bf5 20. Be3 Bd3 21. Qf3 Bxf1 22. Rxf1 Qc7 23. Qd5+ Kh8 24. Qh5 Rd8 25. h4 Qc4 26. g3 Qxa2 27. Qf7 Qxf7 0-1


[Site "https://www.chess.com"]

[Event "Titled Tuesday Blitz November 01 Early 2022"]
[White "Andreev, Konstantin"]
[Black "Zhu, Jiner"]
[WhiteFideId "24239305"]
[BlackFideId "8608059"]
[WhiteElo "2106"]
[BlackElo "2384"]
[Result "1/2-1/2"]
[Round "01"]
[TimeControl "180+1"]
[Date "2022.11.02"]
[WhiteClock "0:00:09"]
[BlackClock "0:00:10"]

1. e4 e5 2. Nf3 Nc6 3. Bc4 Bc5 4. c3 Nf6 5. d4 exd4 6. b4 Bb6 7. e5 d5 8. exf6 dxc4 9. Qe2+ Be6 10. b5 Na5 11. fxg7 Rg8 12. Nxd4 Bxd4 13. cxd4 Qxd4 14. Bb2 Qc5 15. Bf6 Qf5 16. Qf3 Qxf3 17. gxf3 b6 18. Nc3 Nb7 19. O-O-O Nd6 20. Nd5 Kd7 21. Ne7 Rxg7 22. Bxg7 Kxe7 23. Be5 Nxb5 24. Rhe1 Nd6 25. Rd4 Rc8 26. Rh4 b5 27. Rxh7 Nf5 28. Rh5 c5 29. h4 b4 30. Bf4 Nd4 31. Ree5 Nxf3 32. Rxc5 Rxc5 33. Rxc5 Nxh4 34. Bg5+ Kd6 35. Ra5 Nf3 36. Bf4+ Kc6 37. Rxa7 c3 38. Rc7+ Kb5 39. Bd6 Nd4 40. Rc5+ Kb6 41. Rh5 Nc6 42. Bc5+ Ka6 43. Bd6 Bxa2 44. Rc5 Kb6 45. Rxc6+ Kxc6 46. Bxb4 Kd5 47. Bxc3 Ke4 48. Ba5 Kf3 49. Bb6 Be6 50. Kd2 f5 51. Ke1 1/2-1/2


[Site "https://www.chess.com"]

[Event "Titled Tuesday Blitz November 01 Early 2022"]
[White "Atabayev, Yusup"]
[Black "Devaev, Alexander"]
[WhiteFideId "14001128"]
[BlackFideId "4169395"]
[WhiteElo "2454"]
[BlackElo "2225"]
[Result "1-0"]
[Round "01"]
[TimeControl "180+1"]
[Date "2022.11.02"]
[WhiteClock "0:01:31"]
[BlackClock "0:00:15"]

1. e4 c6 2. d4 d5 3. f3 dxe4 4. fxe4 e5 5. Nf3 Be6 6. c3 Nd7 7. Bd3 Bd6 8. O-O h6 9. Qe1 Ne7 10. Nbd2 Ng6 11. Nc4 Bc7 12. Kh1 O-O 13. Ne3 Nb6 14. Nf5 c5 15. d5 c4 16. Bc2 Bc8 17. N3h4 Kh7 18. Be3 Nd7 19. Rd1 Bb6 20. Bc1 Nc5 21. Qg3 Bd7 22. b3 cxb3 23. axb3 a5 24. c4 Nd3 25. Bxd3 1-0


[Site "https://www.chess.com"]

[Event "Titled Tuesday Blitz November 01 Early 2022"]
[White "Azarov, Sergei"]
[Black "Rangel, Daniel"]
[WhiteFideId "13501470"]
[BlackFideId "2124475"]
[WhiteElo "2494"]
[BlackElo "2225"]
[Result "1-0"]
[Round "01"]
[TimeControl "180+1"]
[Date "2022.11.02"]
[WhiteClock "0:00:15"]
[BlackClock "0:00:18"]

1. e4 c5 2. Nf3 g6 3. d4 cxd4 4. Nxd4 Bg7 5. c4 Nc6 6. Be3 d6 7. Nc3 Nf6 8. Be2 O-O 9. O-O Nxd4 10. Bxd4 Bd7 11. Qd3 Bc6 12. Rad1 Nd7 13. Bxg7 Kxg7 14. Kh1 a5 15. f4 Qb6 16. Rd2 Nc5 17. Qd4+ f6 18. Bf3 Rfd8 19. Nd5 Bxd5 20. exd5 Nd7 21. Qe4 Re8 22. Re2 f5 23. Qd3 Nf6 24. Rfe1 Kf7 25. h3 h5 26. Re6 Rac8 27. b3 Qf2 28. R6e2 Qg3 29. Qd4 Rc7 30. a3 Ng4 31. Bxg4 hxg4 32. Re3 Qh4 33. R1e2 gxh3 34. Rxh3 Qf6 35. Rh7+ Kg8 36. Qxf6 exf6 37. Rxc7 Rxe2 38. Rxb7 Re3 39. b4 Rxa3 40. c5 dxc5 41. bxc5 Rc3 42. d6 Kf8 43. Rb8+ Kf7 44. d7 1-0


[Site "https://www.chess.com"]

[Event "Titled Tuesday Blitz November 01 Early 2022"]
[White "Bagwe Gaurang"]
[Black "Zhigalko, Sergei"]
[WhiteFideId "45039895"]
[BlackFideId "13502956"]
[WhiteElo "1931"]
[BlackElo "2662"]
[Result "0-1"]
[Round "01"]
[TimeControl "180+1"]
[Date "2022.11.02"]
[WhiteClock "0:00:18"]
[BlackClock "0:00:39"]

1. e4 c5 2. Nf3 Nc6 3. c3 Nf6 4. e5 Nd5 5. d4 cxd4 6. cxd4 d6 7. exd6 Qxd6 8. Bd3 Bg4 9. Nc3 e6 10. O-O Be7 11. Be3 O-O 12. h3 Bh5 13. Ne4 Qd8 14. Ng3 Bg6 15. Rc1 Rc8 16. Bxg6 hxg6 17. Bd2 Qb6 18. Bc3 Rfd8 19. Ne4 Qa6 20. Qb3 Nf4 21. Kh2 Nd5 22. Bd2 Qb6 23. Qxb6 Nxb6 24. Be3 Nd5 25. Nc5 b6 26. Na6 Bd6+ 27. Kg1 Ncb4 28. Nxb4 Nxb4 29. b3 Nxa2 30. Rxc8 Rxc8 31. Ra1 Rc2 32. Ne1 Rb2 33. Nd3 Rxb3 34. Rxa2 Rxd3 35. Rxa7 Rd1# 0-1


[Site "https://www.chess.com"]

[Event "Titled Tuesday Blitz November 01 Early 2022"]
[White "Balkum, Alexander"]
[Black "Skliarov, Viktor"]
[WhiteFideId "2005069"]
[BlackFideId "14106736"]
[WhiteElo "2316"]
[BlackElo "2284"]
[Result "1-0"]
[Round "01"]
[TimeControl "180+1"]
[Date "2022.11.02"]
[WhiteClock "0:00:18"]
[BlackClock "0:00:14"]

1. e4 c5 2. Nf3 Nc6 3. d4 cxd4 4. Nxd4 Nf6 5. Nc3 e5 6. Ndb5 d6 7. Bg5 a6 8. Na3 b5 9. Bxf6 gxf6 10. Nd5 f5 11. c3 Bg7 12. exf5 Bxf5 13. Nc2 O-O 14. Nce3 Be6 15. Bd3 f5 16. O-O Ra7 17. a4 bxa4 18. Rxa4 e4 19. Bc2 Qg5 20. f4 Qg6 21. Bb3 Kh8 22. Kh1 Bh6 23. g3 Rb8 24. Nb4 Bxb3 25. Qxb3 a5 26. Qa2 Nxb4 27. cxb4 Rab7 28. Rxa5 Rxb4 29. Ra8 Bf8 30. Rxb8 Rxb8 31. Qd5 Rxb2 32. Nxf5 Qf6 33. Qxe4 h5 34. Qd4 Qxd4 35. Nxd4 Bg7 36. Nf5 d5 37. Nxg7 Kxg7 38. Rd1 Rb5 39. Kg2 Kf6 40. Kh3 Ke6 41. Kh4 Rb2 42. h3 Rg2 43. g4 hxg4 44. hxg4 Kd6 45. Kg5 Kc5 46. f5 d4 47. f6 Kc4 48. f7 Rf2 49. Kg6 Kd5 50. g5 Ke6 51. Rxd4 Rxf7 52. Re4+ Kd5 53. Kxf7 Kxe4 54. g6 1-0


[Site "https://www.chess.com"]

[Event "Titled Tuesday Blitz November 01 Early 2022"]
[White "Barria Zuniga, Daniel"]
[Black "Eisa Mohmood, Alkhoori"]
[WhiteFideId "3400816"]
[BlackFideId "9316116"]
[WhiteElo "2414"]
[BlackElo "1245"]
[Result "0-1"]
[Round "01"]
[TimeControl "180+1"]
[Date "2022.11.02"]
[WhiteClock "0:01:32"]
[BlackClock "0:01:33"]

1. d4 Nf6 2. c4 g6 3. Nc3 d5 4. Bf4 Bg7 5. e3 O-O 6. Rc1 c6 7. h3 a6 8. Nf3 dxc4 9. Bxc4 b5 10. Bd3 Bb7 11. O-O Nbd7 12. a4 b4 13. Ne4 Nxe4 14. Bxe4 Rc8 15. Qb3 a5 16. Rfd1 e6 17. Bd6 Re8 18. Ne5 Nf6 19. Nxc6 Qxd6 0-1


[Site "https://www.chess.com"]

[Event "Titled Tuesday Blitz November 01 Early 2022"]
[White "Bashirli, Saadat"]
[Black "Jakubowski, Krzysztof"]
[WhiteFideId "13429990"]
[BlackFideId "1112848"]
[WhiteElo "1408"]
[BlackElo "2373"]
[Result "0-1"]
[Round "01"]
[TimeControl "180+1"]
[Date "2022.11.02"]
[WhiteClock "0:00:13"]
[BlackClock "0:00:19"]

1. d4 Nf6 2. c4 e6 3. Nc3 Bb4 4. e3 O-O 5. Bd3 d5 6. a3 Bxc3+ 7. bxc3 c6 8. Ne2 b6 9. O-O Ba6 10. cxd5 cxd5 11. Bc2 Nc6 12. f3 h6 13. e4 e5 14. Be3 dxe4 15. fxe4 Ng4 16. Qd2 exd4 17. cxd4 Nxe3 18. Qxe3 Bxe2 19. Qxe2 Nxd4 20. Qd3 Rc8 21. Bb1 Rc3 22. Qd1 Qd6 23. Ra2 Qc5 24. Kh1 Ne6 25. Rd2 Rxa3 26. Qg4 Qg5 27. Qxg5 hxg5 28. Rd7 Nc5 29. Rc7 f6 30. Re7 Rf7 31. Re8+ Rf8 32. Re7 a5 33. Rc7 Re8 34. Re1 Re5 35. Kg1 a4 36. Rc6 b5 37. Rb6 Nb3 38. Bd3 Nd4 39. Bf1 Rb3 40. Rc1 Re7 41. Rc8+ Kh7 42. Rc1 Kh6 43. h3 Rxe4 44. Rd1 Ne2+ 45. Kh2 Nf4 46. Rb8 Rb2 47. Rdd8 Re3 48. Rh8+ Kg6 49. Bxb5 Rxg2+ 50. Kh1 Re1+ 0-1


[Site "https://www.chess.com"]

[Event "Titled Tuesday Blitz November 01 Early 2022"]
[White "Bazeev, German"]
[Black "Sanchez, Robert"]
[WhiteFideId "24119350"]
[BlackFideId "2034360"]
[WhiteElo "2493"]
[BlackElo "2404"]
[Result "1-0"]
[Round "01"]
[TimeControl "180+1"]
[Date "2022.11.02"]
[WhiteClock "0:00:43"]
[BlackClock "0:00:31"]

1. e4 e6 2. Nf3 c5 3. d3 d6 4. c4 Nc6 5. Nc3 Nge7 6. Be2 g6 7. h4 h6 8. h5 g5 9. b3 Bg7 10. Bb2 Qa5 11. Qd2 O-O 12. Rb1 f5 13. O-O f4 14. Nb5 Qd8 15. Bxg7 Kxg7 16. d4 a6 17. dxc5 axb5 18. cxd6 Ng8 19. cxb5 Nb8 20. e5 Nd7 21. Rbc1 Rf7 22. Rc7 b6 23. Qc2 Nf8 24. Rxf7+ Kxf7 25. Nd4 Kg7 26. Bg4 Qe8 27. a4 Bd7 28. Rc1 Rc8 29. Qd2 Rxc1+ 30. Qxc1 Qc8 31. Qxc8 Bxc8 32. b4 Bd7 33. a5 Bc8 34. a6 Kf7 35. Bf3 1-0


[Site "https://www.chess.com"]

[Event "Titled Tuesday Blitz November 01 Early 2022"]
[White "Beerdsen, Thomas"]
[Black "Aaditya Dhingra"]
[WhiteFideId "1030108"]
[BlackFideId "25678191"]
[WhiteElo "2567"]
[BlackElo "2054"]
[Result "1-0"]
[Round "01"]
[TimeControl "180+1"]
[Date "2022.11.02"]
[WhiteClock "0:00:20"]
[BlackClock "0:00:15"]

1. e4 e5 2. Bc4 Nf6 3. d3 c6 4. Nf3 d5 5. Bb3 Bd6 6. Nc3 d4 7. Ne2 O-O 8. O-O a5 9. c3 c5 10. cxd4 cxd4 11. Nexd4 exd4 12. e5 Be7 13. exf6 Bxf6 14. Bf4 Nc6 15. Rc1 Bf5 16. a3 Qd7 17. Ba4 Qd5 18. h3 Bg6 19. Re1 Rac8 20. Bb3 Qf5 21. Re4 Qb5 22. Bc4 Qxb2 23. Re2 Qxa3 24. Rb1 Rfe8 25. Rxb7 Nb4 26. Bd6 h6 27. Kh2 Red8 28. Be7 Bxe7 29. Rexe7 Nxd3 30. Bxf7+ Bxf7 31. Rxf7 Qd6+ 32. g3 Nxf2 33. Rxg7+ Kh8 34. Rh7+ Kg8 35. Qb3+ Qd5 36. Ne5 Qxb3 37. Rbg7+ Kf8 38. Ng6+ Ke8 39. Re7# 1-0


[Site "https://www.chess.com"]

[Event "Titled Tuesday Blitz November 01 Early 2022"]
[White "Bilan, Danila"]
[Black "Cramling Bellon, Anna"]
[WhiteFideId "24161918"]
[BlackFideId "32009232"]
[WhiteElo "2203"]
[BlackElo "1972"]
[Result "1-0"]
[Round "01"]
[TimeControl "180+1"]
[Date "2022.11.02"]
[WhiteClock "0:00:19"]
[BlackClock "0:00:02"]

1. d4 Nf6 2. Nf3 d5 3. c4 e6 4. Nc3 c6 5. Bg5 Be7 6. e3 O-O 7. Bd3 h6 8. Bh4 Nbd7 9. O-O dxc4 10. Bxc4 b5 11. Bd3 Bb7 12. Rc1 a6 13. Bb1 c5 14. Qe2 cxd4 15. Nxd4 Nb6 16. Rfd1 Qb8 17. e4 Qa7 18. e5 Nfd5 19. Nxd5 Bxd5 20. Qd3 g6 21. Qg3 Bxh4 22. Qxh4 Kh7 23. Rc3 Rh8 24. Rh3 Kg8 25. Rg3 Rh7 26. Qf6 Nd7 27. Qf4 Qc7 28. Re1 Qc5 29. h4 Rc8 30. h5 Rg7 31. hxg6 fxg6 32. Rxg6 Rxg6 33. Bxg6 Qf8 34. Qg4 Qg7 35. Nxe6 Bxe6 36. Qxe6+ Kh8 37. Bf5 Rd8 38. Rd1 Nc5 39. Rxd8+ 1-0


[Site "https://www.chess.com"]

[Event "Titled Tuesday Blitz November 01 Early 2022"]
[White "Bluebaum, Matthias"]
[Black "Salman, Pavel"]
[WhiteFideId "24651516"]
[BlackFideId "24153753"]
[WhiteElo "2633"]
[BlackElo "2187"]
[Result "1-0"]
[Round "01"]
[TimeControl "180+1"]
[Date "2022.11.01"]
[WhiteClock "0:01:32"]
[BlackClock "0:00:18"]

1. d4 Nf6 2. c4 c5 3. d5 b5 4. cxb5 a6 5. bxa6 g6 6. Nc3 Bg7 7. a7 Rxa7 8. e4 O-O 9. Nf3 Qa5 10. Bd2 Qb6 11. Be2 Ba6 12. O-O e6 13. a4 exd5 14. exd5 Re8 15. Bb5 Rb7 16. Bf4 Nh5 17. Be3 Bxb5 18. Nxb5 Bxb2 19. Rb1 Bg7 20. Nd6 Qxb1 21. Qxb1 Rxb1 22. Rxb1 Rf8 23. Bxc5 Na6 24. Ba3 Ra8 25. Nb5 Nf4 26. Rd1 Ne2+ 27. Kf1 Nc3 28. Nxc3 Bxc3 29. Bd6 Bb4 30. Be5 Nc5 31. Rb1 Nd3 32. Ke2 Nxe5 33. Rxb4 Nxf3 34. gxf3 Ra5 35. Rd4 Kf8 36. d6 Kg7 37. Kd3 Kf6 38. Kc3 Ke6 39. Kb4 Ra8 40. a5 Ke5 41. Rd3 f5 42. Kb5 Rb8+ 43. Kc5 Ra8 44. Kb6 Rb8+ 45. Kc7 Rb2 46. Ra3 Ke6 47. a6 Rc2+ 48. Kd8 Kxd6 49. a7 1-0


[Site "https://www.chess.com"]

[Event "Titled Tuesday Blitz November 01 Early 2022"]
[White "Bogaudinov, Rushan"]
[Black "Molina, Roberto Junio Brito"]
[WhiteFideId "4129288"]
[BlackFideId "2109450"]
[WhiteElo "1945"]
[BlackElo "2388"]
[Result "1/2-1/2"]
[Round "01"]
[TimeControl "180+1"]
[Date "2022.11.02"]
[WhiteClock "0:00:16"]
[BlackClock "0:00:18"]

1. d4 c6 2. e3 d5 3. Nf3 Bg4 4. Be2 e6 5. c4 Nd7 6. Nc3 Ngf6 7. h3 Bh5 8. O-O Bd6 9. c5 Bc7 10. b4 a6 11. a4 O-O 12. Bb2 Qe7 13. b5 axb5 14. axb5 Rfb8 15. b6 Bd8 16. Qc2 Bg6 17. Bd3 Bxd3 18. Qxd3 e5 19. Qc2 exd4 20. exd4 Nf8 21. Rxa8 Rxa8 22. Ra1 Rxa1+ 23. Bxa1 Ne6 24. Ne2 Ne4 25. Bb2 N6g5 26. Qd3 Qf6 27. Bc1 Ne6 28. Be3 h6 29. Ne5 N4xc5 30. Qa3 Na6 31. Nxc6 Bxb6 32. Ne7+ Kh7 33. Nxd5 Qd8 34. Qb3 Ba5 35. Qxb7 Nac7 36. Nef4 Nxf4 37. Nxf4 Qd6 38. Qe4+ Kg8 39. g3 Bb6 40. h4 Kf8 41. d5 Bxe3 42. Qxe3 g5 43. hxg5 hxg5 44. Nh5 f6 45. Qf3 Nxd5 46. Qf5 Kf7 47. Qh7+ Ke6 48. Ng7+ Ke5 49. Qf5+ Kd4 50. Ne6+ Kc4 51. Qe4+ Kb5 52. Nd4+ Kc5 53. Nb3+ Kc6 54. Na5+ Kd7 55. Nc4 Qe6 56. Qxd5+ Qxd5 57. Nb6+ Ke6 58. Nxd5 Kxd5 59. Kg2 Ke4 60. f3+ Ke3 61. g4 Ke2 62. Kg3 Kf1 63. f4 Ke2 64. fxg5 fxg5 65. Kg2 Ke3 66. Kg3 Ke4 67. Kg2 Kf4 68. Kf2 Kxg4 69. Kg2 Kf4 70. Kf2 g4 71. Kg2 g3 72. Kg1 Kf5 73. Kg2 Kg4 74. Kg1 Kf3 75. Kf1 g2+ 76. Kg1 Kg3 1/2-1/2


[Site "https://www.chess.com"]

[Event "Titled Tuesday Blitz November 01 Early 2022"]
[White "Borgaonkar Akshay"]
[Black "Le, Tuan Minh"]
[WhiteFideId "25639110"]
[BlackFideId "12401153"]
[WhiteElo "2063"]
[BlackElo "2530"]
[Result "0-1"]
[Round "01"]
[TimeControl "180+1"]
[Date "2022.11.01"]
[WhiteClock "0:00:53"]
[BlackClock "0:01:24"]

1. e4 c5 2. d4 cxd4 3. c3 Nf6 4. e5 Nd5 5. Nf3 Nc6 6. cxd4 d6 7. Bc4 dxe5 8. dxe5 Ndb4 9. Qxd8+ Nxd8 10. Na3 a6 11. Bd2 e6 12. O-O b5 13. Bb3 Bb7 14. Nd4 Nbc6 15. Nxc6 Nxc6 16. f4 Bc5+ 17. Kh1 Rd8 18. Rad1 O-O 19. Nc2 Rd3 20. Ne1 Rd7 21. Nf3 Rfd8 22. a3 Ne7 23. Bc3 Rxd1 24. Rxd1 Rxd1+ 25. Bxd1 Be3 26. g3 Nd5 27. Be1 Bc1 28. a4 bxa4 29. Kg1 Ne3 30. Be2 Bxb2 31. Bf2 a3 32. Nd2 a2 33. Nb3 Bd5 0-1


[Site "https://www.chess.com"]

[Event "Titled Tuesday Blitz November 01 Early 2022"]
[White "Boruchovsky, Avital"]
[Black "Amgalantengis, Enkh-Amgalan"]
[WhiteFideId "2800055"]
[BlackFideId "4903536"]
[WhiteElo "2466"]
[BlackElo "1772"]
[Result "1-0"]
[Round "01"]
[TimeControl "180+1"]
[Date "2022.11.02"]
[WhiteClock "0:00:15"]
[BlackClock "0:00:59"]

1. c4 Nf6 2. Nc3 g6 3. e4 d6 4. d4 Bg7 5. g3 O-O 6. Bg2 c5 7. Nge2 cxd4 8. Nxd4 Nc6 9. Nxc6 bxc6 10. O-O Rb8 11. Qc2 Nd7 12. b3 Qa5 13. Bd2 Nc5 14. Rad1 Ne6 15. h3 Nd4 16. Qd3 c5 17. Kh2 Bb7 18. Bg5 Rfe8 19. Rc1 Bc6 20. Rfe1 e5 21. Bd2 Qc7 22. Nd5 Bxd5 23. cxd5 Qb6 24. Rc4 Qa6 25. Qb1 Rb6 26. Qa1 Reb8 27. Be3 h5 28. Kh1 h4 29. g4 Bf6 30. Bf1 Qb7 31. Ra4 Nc2 32. Qc3 Nxe1 33. Qxe1 g5 34. Qd2 Qe7 35. Bc4 Kg7 36. Qe2 Kg6 37. Bd2 Qc7 38. Qf3 Qd7 39. Ba5 R6b7 40. Ba6 Kg7 41. Bxb7 Rxb7 42. Bd2 Qb5 43. Kg2 Qd7 44. Ra6 Be7 45. Qf5 Qxf5 46. gxf5 Kh6 47. Kf3 Kh5 48. Rc6 Bd8 49. Rxd6 Bb6 50. Rc6 a5 51. Rc8 Kh6 52. Kg4 f6 53. Rc6 Kg7 54. Be3 a4 55. bxa4 Bd8 56. Bxc5 Rb1 57. Rd6 Ba5 58. Rd7+ Kh6 59. Bf8# 1-0


[Site "https://www.chess.com"]

[Event "Titled Tuesday Blitz November 01 Early 2022"]
[White "Brueckner, Thomas"]
[Black "Lewtak, Damian"]
[WhiteFideId "4600452"]
[BlackFideId "1141724"]
[WhiteElo "2332"]
[BlackElo "2329"]
[Result "1/2-1/2"]
[Round "01"]
[TimeControl "180+1"]
[Date "2022.11.02"]
[WhiteClock "0:00:58"]
[BlackClock "0:01:44"]

1. e4 c5 2. Nf3 Nc6 3. d4 cxd4 4. Nxd4 d5 5. exd5 Qxd5 6. Be3 Nxd4 7. Qxd4 Qxd4 8. Bxd4 e6 9. Nc3 a6 10. O-O-O Bd7 11. Bd3 Nf6 12. f3 Bd6 13. Kb1 Ke7 14. Ne4 Nxe4 15. Bxe4 Bc6 16. Bxc6 bxc6 17. Bxg7 Rhg8 18. Bf6+ Kxf6 19. Rxd6 Rxg2 20. Rxc6 Rag8 21. a4 Rg1+ 22. Rxg1 Rxg1+ 23. Ka2 Rf1 24. Rxa6 Rxf3 25. Rb6 Rf5 26. b4 Ke5 27. a5 Rf2 28. Kb3 Rd2 29. a6 Rd8 30. a7 Ra8 31. Rb7 f5 32. b5 f4 33. b6 f3 34. Rb8 f2 35. Rxa8 f1=Q 36. Rb8 Qb5+ 37. Kc3 Qc5+ 38. Kb3 Qb5+ 39. Kc3 Qc5+ 40. Kb3 Qb5+ 1/2-1/2


[Site "https://www.chess.com"]

[Event "Titled Tuesday Blitz November 01 Early 2022"]
[White "Bryakin, Mikhail"]
[Black "Chernikov, Vladimir"]
[WhiteFideId "4165314"]
[BlackFideId "14112914"]
[WhiteElo "2367"]
[BlackElo "2158"]
[Result "1-0"]
[Round "01"]
[TimeControl "180+1"]
[Date "2022.11.02"]
[WhiteClock "0:01:20"]
[BlackClock "0:00:58"]

1. Nf3 d5 2. c4 e6 3. b3 Nf6 4. Bb2 c5 5. e3 Nc6 6. cxd5 Nxd5 7. Bb5 Qb6 8. Na3 Nb4 9. O-O a6 10. Be2 Qc7 11. d4 Bd7 12. Nc4 cxd4 13. Nxd4 Nxd4 14. Qxd4 Nc2 15. Qb6 Qxb6 16. Nxb6 Rd8 17. Rac1 Nb4 18. a3 Nc6 19. Bf3 f6 20. Rfd1 Be7 21. Nxd7 Rxd7 22. Kf1 Rxd1+ 23. Rxd1 Na5 24. b4 Nc4 25. Bc1 Nd6 26. Rd2 Kd7 27. Bxb7 Kc7 28. Bxa6 Ra8 29. Bd3 e5 30. e4 g6 31. Ke2 f5 32. f3 Bg5 33. Rc2+ 1-0


[Site "https://www.chess.com"]

[Event "Titled Tuesday Blitz November 01 Early 2022"]
[White "Budrewicz, Krzysztof"]
[Black "Sovetbekova, Nurai"]
[WhiteFideId "1127950"]
[BlackFideId "13801910"]
[WhiteElo "2171"]
[BlackElo "1925"]
[Result "1-0"]
[Round "01"]
[TimeControl "180+1"]
[Date "2022.11.02"]
[WhiteClock "0:00:16"]
[BlackClock "0:00:04"]

1. d4 Nf6 2. Bg5 g6 3. Bxf6 exf6 4. e3 d5 5. Ne2 Bg7 6. Nf4 O-O 7. h4 h5 8. c4 c6 9. cxd5 cxd5 10. Nc3 Be6 11. Bd3 f5 12. Qf3 Nc6 13. Nfxd5 Qa5 14. O-O Rad8 15. Nf4 Bd7 16. Bc4 Qb4 17. Bb3 Kh7 18. Ncd5 Qd6 19. Rac1 Na5 20. Nc3 Nxb3 21. axb3 Bc6 22. Qg3 Qb4 23. d5 Bb5 24. Nxb5 Qxb5 25. Rc7 Qxb3 26. Qg5 Qb6 27. Rfc1 Be5 28. Qxg6+ Qxg6 29. Nxg6 Kxg6 30. Rxb7 Rb8 31. Rxa7 Rxb2 32. Ra6+ Kg7 33. g3 Rfb8 34. Ra7 Rb1 35. Rxb1 Rxb1+ 36. Kg2 Rd1 37. Rd7 Kf6 38. Kf3 Bc3 39. Ke2 Rd2+ 40. Kf3 Bb4 41. Rb7 Bd6 42. Rb5 Ke5 43. Rb7 Rxd5 44. Rxf7 Ke6 45. Rh7 Kf6 46. Rxh5 Kg7 47. Rg5+ Kf7 48. h5 Be7 49. Rg6 f4 50. Kxf4 Rxh5 51. Rc6 Rb5 52. e4 Rb4 53. f3 Rb3 54. g4 Bf6 55. g5 Be7 56. g6+ Kf8 57. Kg4 Rb4 58. Kf5 Rb3 59. f4 Rh3 60. e5 Rh5+ 61. Ke6 Rh6 62. f5 Rh1 63. Rc8+ Kg7 64. Kxe7 Ra1 65. f6+ Kxg6 66. Rg8+ Kf5 67. f7 Ra7+ 68. Ke8 Ke6 69. Rg6+ Kxe5 70. f8=Q Ra8+ 71. Kf7 Ra7+ 72. Kg8 1-0


[Site "https://www.chess.com"]

[Event "Titled Tuesday Blitz November 01 Early 2022"]
[White "Buscar, Michael"]
[Black "Movahed, Sina"]
[WhiteFideId "2603616"]
[BlackFideId "42520835"]
[WhiteElo "2010"]
[BlackElo "2225"]
[Result "1-0"]
[Round "01"]
[TimeControl "180+1"]
[Date "2022.11.02"]
[WhiteClock "0:00:36"]
[BlackClock "0:00:17"]

1. d4 Nf6 2. c4 g6 3. Nc3 Bg7 4. e4 d6 5. Nf3 O-O 6. Be2 e5 7. Be3 exd4 8. Nxd4 Re8 9. O-O Nxe4 10. Nxe4 Rxe4 11. Bf3 Re8 12. Qb3 c6 13. Rad1 Qc7 14. Rd2 Na6 15. Rfd1 Nc5 16. Qc2 a5 17. Nb3 Bf5 18. Qc1 Nxb3 19. axb3 Be5 20. g3 a4 21. bxa4 Rxa4 22. Bd4 Qa5 23. b3 Ra3 24. Qb2 Qb4 25. Bxe5 Rxb3 26. Bxd6 Rxb2 27. Bxb4 Rxb4 28. Rd8 Rxd8 29. Rxd8+ Kg7 30. g4 Be6 31. c5 Bxg4 32. Kg2 Bxf3+ 33. Kxf3 Rb5 34. Rb8 Rxc5 35. Rxb7 Rf5+ 36. Ke3 c5 37. Rc7 h5 38. Rc6 h4 39. h3 1-0


[Site "https://www.chess.com"]

[Event "Titled Tuesday Blitz November 01 Early 2022"]
[White "Cabezas Solano, David Alejandro"]
[Black "Bordi, Kevin"]
[WhiteFideId "6507522"]
[BlackFideId "621862"]
[WhiteElo "2035"]
[BlackElo "2796"]
[Result "0-1"]
[Round "01"]
[TimeControl "180+1"]
[Date "2022.11.02"]
[WhiteClock "0:00:01"]
[BlackClock "0:01:55"]

1. d4 d5 2. c4 c6 3. Nf3 Nf6 4. g3 Bf5 5. Nc3 e6 6. Nh4 Be4 7. f3 Bg6 8. Qb3 Qb6 9. Nxg6 hxg6 10. e3 Nbd7 11. Bd2 Bd6 12. Kf2 O-O-O 13. c5 Qxb3 14. axb3 Bb8 15. b4 a6 16. Kg2 g5 17. Bd3 g4 18. f4 g6 19. Nd1 Nh5 20. Nf2 f5 21. Bc3 Nhf6 22. h3 gxh3+ 23. Rxh3 Rxh3 24. Nxh3 Ng4 25. Bd2 Rh8 26. Rh1 Ndf6 27. Nf2 Rxh1 28. Nxh1 Kd7 29. Nf2 Nxf2 30. Kxf2 Bc7 31. Bc1 Ke7 32. Kf3 Kf7 33. Bc2 Kg7 34. Bd2 Kh6 35. Bc1 Bd8 36. Bd2 Ng4 37. Bc1 Be7 38. Bd3 Bf6 39. Bd2 Nh2+ 40. Kg2 Ng4 41. Kf3 Kh5 42. Be1 Bd8 43. Bd2 g5 44. fxg5 Bxg5 45. Bc1 Kg6 46. Bd2 Nh2+ 47. Kg2 Ng4 48. Kf3 Nf6 49. Bc1 Bh6 50. Bd2 Ne4 51. Bxe4 dxe4+ 52. Kg2 Kh5 53. Kh2 Kg4 54. Kg2 Bf8 55. Bc1 Be7 56. Bd2 Bd8 57. Bc1 Bc7 58. Bd2 Bxg3 59. Bc3 Bc7 60. Be1 e5 61. Bd2 exd4 62. exd4 f4 63. Bc3 f3+ 64. Kf2 Bf4 65. Be1 e3+ 66. Kf1 e2+ 67. Kg1 Be3+ 68. Kh2 f2 0-1


[Site "https://www.chess.com"]